[Event "Titled Tuesday Blitz March 07 Late 2023"]
[White "Botez, Alexandra"]
[Black "Poeta, Caio Medeiros"]
[WhiteFideId "2603365"]
[BlackFideId "2142660"]
[WhiteElo "2059"]
[BlackElo "2191"]
[Result "0-1"]
[Round "11"]
[TimeControl "180+2"]
[Date "2023.03.07"]
[WhiteClock "0:00:01"]
[BlackClock "0:00:30"]

1. d4 Nf6 2. c4 e6 3. Nf3 b6 4. Bd2 Be7 5. Nc3 O-O 6. e3 Bb7 7. Bd3 d5 8. cxd5 exd5 9. O-O Ne4 10. Qc2 f5 11. Ne5 Nd7 12. f3 Nxd2 13. Qxd2 Nxe5 14. dxe5 Kh8 15. Ne2 c5 16. Bc2 Qc7 17. f4 Rad8 18. Ng3 g6 19. Rae1 Bh4 20. Bd1 d4 21. Bf3 Ba6 22. Be2 d3 23. Bf3 c4 24. Rc1 b5 25. Qc3 Be7 26. a3 Bb7 27. Bxb7 Qxb7 28. Rcd1 Qb6 29. Rfe1 a5 30. Nf1 Qc5 31. Rc1 Qd5 32. Red1 Rc8 33. Qe1 b4 34. axb4 axb4 35. Qf2 c3 36. bxc3 bxc3 37. h3 c2 38. Rd2 Ba3 39. Re1 c1=Q 40. Rxc1 Bxc1 41. e6 Bxd2 42. Qxd2 Rc2 43. Qa5 Qxg2# 0-1


[Site "https://www.chess.com"]

[Event "Titled Tuesday Blitz March 07 Late 2023"]
[White "Torres Dominguez, David"]
[Black "Chan, Kim Yew"]
[WhiteFideId "2220857"]
[BlackFideId "5717981"]
[WhiteElo "1999"]
[BlackElo "2206"]
[Result "0-1"]
[Round "11"]
[TimeControl "180+2"]
[Date "2023.03.07"]
[WhiteClock "0:00:01"]
[BlackClock "0:00:08"]

1. e4 g6 2. Nc3 Bg7 3. f4 c5 4. Nf3 Nc6 5. Bc4 e6 6. d3 Nge7 7. Bb3 O-O 8. O-O Na5 9. Qe1 Nxb3 10. axb3 b6 11. f5 exf5 12. Qh4 Bb7 13. Bh6 fxe4 14. Ng5 Bd4+ 15. Kh1 f6 16. Nxh7 Kxh7 17. Bxf8+ Kg8 18. Bxe7 Qxe7 19. dxe4 Kg7 20. Nd5 Bxd5 21. exd5 Rh8 22. Qg4 a5 23. h3 Bxb2 24. Rae1 Be5 25. d6 Qe6 26. Qxe6 dxe6 27. d7 Rd8 28. Rd1 Kf7 29. g4 g5 30. Rd3 Ke7 31. Rfd1 b5 32. Kg2 b4 33. Kf3 Bd4 34. Ke4 Rxd7 0-1


[Site "https://www.chess.com"]

[Event "Titled Tuesday Blitz March 07 Late 2023"]
[White "Einarsson, Halldor Gretar"]
[Black "Ismagilov, Damir"]
[WhiteFideId "2300150"]
[BlackFideId "34199982"]
[WhiteElo "2142"]
[BlackElo "2078"]
[Result "0-1"]
[Round "11"]
[TimeControl "180+2"]
[Date "2023.03.07"]
[WhiteClock "0:00:42"]
[BlackClock "0:00:46"]

1. d4 Nf6 2. c4 e6 3. g3 d5 4. Nf3 c6 5. Bg2 b6 6. O-O Be7 7. Nbd2 O-O 8. Qc2 c5 9. e4 Nc6 10. e5 Ne8 11. cxd5 exd5 12. dxc5 bxc5 13. a3 Nc7 14. h4 Ne6 15. Rd1 Ned4 16. Qa4 Bf5 17. Ne1 Nxe5 18. Nf1 Bg4 19. Rxd4 cxd4 20. Qxd4 Bf6 21. Qxd5 Qxd5 22. Bxd5 Rad8 23. Ne3 Be6 24. Bxe6 fxe6 25. f4 Nd3 26. Nxd3 Rxd3 27. Kf2 Bxb2 28. Bxb2 Rd2+ 29. Kf3 Rxb2 30. Rd1 Rb3 31. Rd6 e5 32. Ra6 exf4 33. gxf4 Re8 0-1


[Site "https://www.chess.com"]

[Event "Titled Tuesday Blitz March 07 Late 2023"]
[White "reevecanada"]
[Black "Rian, Kapriaga"]
[BlackFideId "7103263"]
[WhiteElo "2515"]
[BlackElo "2362"]
[Result "1-0"]
[Round "11"]
[TimeControl "180+2"]
[Date "2023.03.07"]
[WhiteClock "0:01:32"]
[BlackClock "0:00:11"]

1. e4 c6 2. c4 d5 3. cxd5 cxd5 4. exd5 Nf6 5. Nc3 Nxd5 6. Nf3 Nc6 7. Bb5 e6 8. Qa4 Bd7 9. Nxd5 exd5 10. O-O Be7 11. d4 O-O 12. Bf4 Bf6 13. Ne5 Nxe5 14. dxe5 Bxb5 15. Qxb5 Bg5 16. Bxg5 Qxg5 17. Qxd5 Rfd8 18. Qxb7 Qxe5 19. Rad1 Rdb8 20. Qf3 Qxb2 21. Rd7 Qxa2 22. Rfd1 h6 23. h3 a5 24. Rc7 a4 25. Rdd7 Rf8 26. Rxf7 Rxf7 27. Qxa8+ Rf8 28. Qa7 Qa1+ 29. Kh2 a3 30. Qa5 Qb2 31. Qd5+ Kh8 32. Qd6 Rxf2 33. Rc8+ Kh7 34. Qd3+ g6 35. Rc7+ Kg8 36. Qd5+ 1-0


[Site "https://www.chess.com"]

[Event "Titled Tuesday Blitz March 07 Late 2023"]
[White "Melikhov, Evgeny V."]
[Black "Dudzinski, Pawel"]
[WhiteFideId "4122046"]
[BlackFideId "1117890"]
[WhiteElo "2158"]
[BlackElo "2099"]
[Result "1-0"]
[Round "11"]
[TimeControl "180+2"]
[Date "2023.03.07"]
[WhiteClock "0:01:13"]
[BlackClock "0:00:04"]

1. d4 d5 2. c4 c6 3. Nc3 e6 4. e3 f5 5. g4 Nf6 6. gxf5 exf5 7. Qb3 Be7 8. cxd5 Nxd5 9. Nxd5 Qxd5 10. Qxd5 cxd5 11. Bg2 Be6 12. Ne2 Bd6 13. Nc3 Bb4 14. Bd2 Bxc3 15. Bxc3 Nc6 16. Ke2 Kd7 17. Rhc1 f4 18. e4 dxe4 19. Bxe4 Ne7 20. d5 Bxd5 21. Rd1 Ke6 22. Bxd5+ Nxd5 23. Bxg7 Rhg8 24. Bd4 Rg2 25. Kf3 Rxh2 26. Rh1 Rxh1 27. Rxh1 Ne7 28. Rxh7 Rd8 29. Bxa7 Rd3+ 30. Kxf4 Nd5+ 31. Ke4 Rd2 32. Rxb7 Kd6 33. Rb3 Re2+ 34. Kf3 Rd2 35. Be3 Rd1 36. a4 Ra1 37. Ra3 Rb1 38. a5 Rxb2 39. a6 Nc7 40. Bf4+ Kc6 41. Bxc7 1-0


[Site "https://www.chess.com"]

[Event "Titled Tuesday Blitz March 07 Late 2023"]
[White "Quinones Garcia, Santiago"]
[Black "Prydun, Andriy"]
[WhiteFideId "4408497"]
[BlackFideId "14145898"]
[WhiteElo "2263"]
[BlackElo "2164"]
[Result "1/2-1/2"]
[Round "11"]
[TimeControl "180+2"]
[Date "2023.03.07"]
[WhiteClock "0:00:03"]
[BlackClock "0:00:06"]

1. d4 e6 2. c4 Bd6 3. Nc3 c6 4. e4 Ne7 5. Nf3 Bc7 6. Be2 d6 7. O-O Nd7 8. Be3 b6 9. b4 Bb7 10. a4 O-O 11. c5 d5 12. e5 a5 13. b5 bxc5 14. dxc5 Nxe5 15. Nd4 Nd7 16. Bf3 h6 17. Re1 Nf6 18. Qd2 e5 19. bxc6 exd4 20. cxb7 dxc3 21. Qxc3 Rb8 22. c6 Nf5 23. Ba7 Qd6 24. g3 Rbe8 25. Bc5 Qxc6 26. Rec1 Be5 27. Qxe5 Rxe5 28. Bxf8 Qxb7 29. Bc5 Ne4 30. Rab1 Qd7 31. Bb6 Qxa4 32. Bc7 Re6 33. Ra1 Qb3 34. Bg2 Nxf2 35. Kxf2 Qe3+ 36. Kf1 Qe2+ 37. Kg1 Ne3 38. Bh3 Rf6 39. Bf4 g5 40. Bxe3 Qxe3+ 41. Kh1 Rf2 42. Bg2 Qd2 43. Rg1 d4 44. Rad1 Qc3 45. Rc1 Rc2 46. Rce1 Kg7 47. Rgf1 Rf2 48. Rxf2 Qxe1+ 49. Rf1 Qe3 50. Bd5 a4 51. Rxf7+ Kg6 52. Rf3 Qe1+ 53. Kg2 Qb4 54. Bf7+ Kg7 55. Bd5 Qb2+ 56. Rf2 a3 57. Rxb2 axb2 58. Be4 Kf6 59. Kf3 Ke5 60. g4 Kd6 61. Ke2 Kc5 62. Bd3 Kb4 63. Kd2 Kb3 64. Bb1 Kb4 65. Kd3 Kc5 66. h3 Kd5 67. Bc2 Ke5 68. Bb1 Kf4 69. Kxd4 Kg3 70. Ke3 Kxh3 71. Kf3 Kh2 72. Bf5 Kg1 73. Ke3 Kg2 74. Kd2 Kf3 75. Kc2 Kf4 76. Bd7 h5 77. gxh5 Ke5 78. h6 Kf6 79. h7 Kg7 80. Bf5 Kh8 81. Kxb2 g4 82. Kc2 g3 83. Kd2 g2 84. Ke3 g1=Q+ 85. Ke4 Qg7 86. Kf4 1/2-1/2


[Site "https://www.chess.com"]

[Event "Titled Tuesday Blitz March 07 Late 2023"]
[White "Rangel, Daniel"]
[Black "Romero Ruscalleda, Josep"]
[WhiteFideId "2124475"]
[BlackFideId "2231859"]
[WhiteElo "2256"]
[BlackElo "2183"]
[Result "1-0"]
[Round "11"]
[TimeControl "180+2"]
[Date "2023.03.07"]
[WhiteClock "0:00:07"]
[BlackClock "0:00:01"]

1. e4 g6 2. d4 Bg7 3. Nc3 d6 4. Nf3 a6 5. a4 Nc6 6. h3 e5 7. dxe5 Nxe5 8. Be2 Ne7 9. O-O O-O 10. Nd5 N7c6 11. c3 Be6 12. Ng5 h6 13. Nxe6 fxe6 14. Nf4 Qf6 15. Qb3 Nd8 16. Be3 Rf7 17. Nd3 Nxd3 18. Bxd3 Kh7 19. f4 c5 20. f5 exf5 21. exf5 g5 22. Rae1 Nc6 23. Bc4 Na5 24. Bxf7 Nxb3 25. Bxb3 Re8 26. Be6 b5 27. axb5 axb5 28. Bf2 Re7 29. Bg3 b4 30. Bxd6 bxc3 31. Bxe7 Qd4+ 32. Kh1 cxb2 33. f6 Bxf6 34. Bxf6 Qd6 35. Bf5+ Kg8 36. Bxb2 Qd2 37. Bf6 Kf7 38. Bg4 Kg6 39. Bf5+ Kf7 40. Be5 c4 41. Bd3+ Kg8 42. Bxc4+ Kh7 43. Be6 Kg6 44. Bf5+ Kh5 45. Bg4+ Kh4 46. Bh2 Qc3 47. g3+ Qxg3 48. Bxg3+ Kxg3 49. Re3+ Kh4 50. Bc8 h5 51. Re4+ g4 52. hxg4 Kg3 53. g5 h4 54. Rg4+ Kh3 55. Rf3# 1-0


[Site "https://www.chess.com"]

[Event "Titled Tuesday Blitz March 07 Late 2023"]
[White "Barash, Anton"]
[Black "Elissalt Cardenas, Hector"]
[WhiteFideId "30935229"]
[BlackFideId "3500632"]
[WhiteElo "2334"]
[BlackElo "2202"]
[Result "1-0"]
[Round "11"]
[TimeControl "180+2"]
[Date "2023.03.07"]
[WhiteClock "0:01:20"]
[BlackClock "0:01:14"]

1. e4 d6 2. d4 e5 3. dxe5 dxe5 4. Qxd8+ Kxd8 5. f4 exf4 6. Bxf4 Be6 7. Nf3 Bd6 8. Bxd6 cxd6 9. Nc3 Ke7 10. O-O-O Nf6 11. Nd4 Nc6 12. Nf5+ Bxf5 13. exf5 Ne5 14. Bb5 a6 15. Ba4 Rac8 16. Rhe1 Rc5 17. h3 h5 18. Ne4 Nxe4 19. Rxe4 f6 20. c3 b5 21. Bb3 a5 22. Rd5 a4 23. Rxc5 dxc5 24. Bd1 h4 25. Kc2 Kd6 26. b3 axb3+ 27. axb3 Rh6 28. Be2 Kc6 29. Bf1 g5 30. fxg6 Nxg6 31. Re6+ Kd5 32. Rxf6 Ne5 33. Rxh6 1-0


[Site "https://www.chess.com"]

[Event "Titled Tuesday Blitz March 07 Late 2023"]
[White "Yano, William Jorge Froes"]
[Black "mohsengabr2002"]
[WhiteFideId "2112949"]
[WhiteElo "2122"]
[BlackElo "2335"]
[Result "0-1"]
[Round "11"]
[TimeControl "180+2"]
[Date "2023.03.07"]
[WhiteClock "0:00:12"]
[BlackClock "0:00:26"]

1. e4 g6 2. d4 Bg7 3. Nc3 d6 4. Be2 Nc6 5. Be3 e5 6. Nf3 Nf6 7. h3 exd4 8. Nxd4 O-O 9. Qd2 Re8 10. f3 Nh5 11. O-O-O Ng3 12. Rhg1 Ne5 13. Bf4 Nxe2+ 14. Qxe2 c6 15. g4 a5 16. h4 a4 17. h5 g5 18. h6 Bf6 19. Be3 a3 20. b3 Qa5 21. Qd2 c5 22. Nd5 Bh8 23. Nf5 Qxd2+ 24. Bxd2 Nxf3 25. Rg3 Nxd2 26. Rxd2 Be5 27. Rh3 Ra5 28. Rd1 Bb2+ 29. Kb1 Rxe4 30. Nde7+ Kf8 31. Nxc8 Rxg4 32. Ncxd6 c4 33. Re3 Re5 34. Rxe5 Bxe5 35. Nxc4 Bf6 36. Nxa3 Rf4 37. Nd6 Rh4 38. Re1 Rxh6 39. Re8+ Kg7 40. Nf5+ Kg6 41. Nxh6 Kxh6 42. Nc4 Kg6 43. Ne3 h5 44. Rb8 g4 45. Kc1 Bg5 46. Kd2 f5 47. Ke2 f4 48. Nd5 f3+ 49. Kf2 Bh4+ 50. Kf1 g3 51. Rxb7 Bg5 52. Rb8 Kf7 53. c4 h4 54. Rb7+ Kg6 55. Rb6+ Kf5 56. Rb8 h3 57. Rh8 h2 58. c5 g2+ 59. Kf2 g1=Q+ 60. Kxf3 h1=Q+ 0-1


[Site "https://www.chess.com"]

[Event "Titled Tuesday Blitz March 07 Late 2023"]
[White "Pino Perez, Lazaro"]
[Black "Leonte, Sebastian-Marian"]
[WhiteFideId "3517055"]
[BlackFideId "1268767"]
[WhiteElo "2170"]
[BlackElo "2299"]
[Result "1-0"]
[Round "11"]
[TimeControl "180+2"]
[Date "2023.03.07"]
[WhiteClock "0:00:16"]
[BlackClock "0:00:03"]

1. d4 Nf6 2. Bf4 d5 3. e3 c5 4. Nf3 Nc6 5. Nbd2 cxd4 6. exd4 Bf5 7. c3 e6 8. Nh4 Be4 9. Qb3 Qd7 10. Ndf3 Bd6 11. Ne5 Bxe5 12. Bxe5 O-O 13. Bxf6 gxf6 14. Bb5 Qc7 15. f3 Qf4 16. g3 Qe3+ 17. Be2 Bg6 18. Qd1 e5 19. dxe5 Nxe5 20. Kf1 Nd3 21. Bxd3 Bxd3+ 22. Kg2 Rfe8 23. Re1 Be2 24. Qc1 Qd3 25. Qh6 Re6 26. g4 Rae8 27. Qf4 Qc2 28. Kg3 Bd3 29. Rxe6 Rxe6 30. Rc1 Qxb2 31. Rd1 Bc4 32. Qb8+ Kg7 33. Nf5+ Kg6 34. Qg8# 1-0


[Site "https://www.chess.com"]

[Event "Titled Tuesday Blitz March 07 Late 2023"]
[White "Kukavica, Tony"]
[Black "Gatterer, Florian"]
[WhiteFideId "2062542"]
[BlackFideId "811688"]
[WhiteElo "1993"]
[BlackElo "2221"]
[Result "1/2-1/2"]
[Round "11"]
[TimeControl "180+2"]
[Date "2023.03.07"]
[WhiteClock "0:03:01"]
[BlackClock "0:02:53"]

1. d4 d5 2. c4 c6 3. cxd5 cxd5 4. Nc3 Nf6 5. Nf3 Nc6 6. Ne5 e6 7. Nxc6 bxc6 8. g3 a5 9. Bg2 Be7 10. O-O O-O 1/2-1/2


[Site "https://www.chess.com"]

[Event "Titled Tuesday Blitz March 07 Late 2023"]
[White "Rios Escobar, Adan"]
[Black "tandercat"]
[WhiteFideId "3403645"]
[WhiteElo "2378"]
[BlackElo "1956"]
[Result "1-0"]
[Round "11"]
[TimeControl "180+2"]
[Date "2023.03.07"]
[WhiteClock "0:00:16"]
[BlackClock "0:00:01"]

1. d4 d5 2. g3 Nf6 3. Nf3 Bf5 4. c4 e6 5. Nc3 h6 6. Qb3 b6 7. cxd5 exd5 8. Bg2 c6 9. O-O Bd6 10. Bf4 Bxf4 11. gxf4 O-O 12. Ne5 Qd6 13. e3 Ne4 14. Rac1 Nd2 15. Qa4 b5 16. Nxb5 cxb5 17. Qxb5 Nxf1 18. Bxd5 Nd7 19. Bxa8 Nxe5 20. Bg2 Nd2 21. Qxe5 Qg6 22. Kh1 Ne4 23. Kg1 f6 24. Qd5+ Kh7 25. Rc5 Bh3 26. Qxe4 1-0


[Site "https://www.chess.com"]

[Event "Titled Tuesday Blitz March 07 Late 2023"]
[White "Garcia Almaguer, Juan Manuel"]
[Black "Howell, David W L"]
[WhiteFideId "5110491"]
[BlackFideId "410608"]
[WhiteElo "2117"]
[BlackElo "2567"]
[Result "0-1"]
[Round "11"]
[TimeControl "180+2"]
[Date "2023.03.07"]
[WhiteClock "0:00:56"]
[BlackClock "0:00:26"]

1. e4 c5 2. Nf3 Nc6 3. d4 cxd4 4. Nxd4 Nf6 5. Nc3 e6 6. Be2 Bb4 7. Nxc6 bxc6 8. e5 Nd5 9. Bd2 Qc7 10. Nxd5 Bxd2+ 11. Qxd2 cxd5 12. Qg5 O-O 13. Bd3 Rb8 14. O-O-O Rb6 15. h4 Ba6 16. Rh3 h6 17. Qf4 f6 18. Rg3 Qxe5 19. Qxh6 Qxb2+ 20. Kd2 f5 21. Rb1 Qd4 22. Rxb6 Qxf2+ 23. Kc1 Qxg3 0-1


[Site "https://www.chess.com"]

[Event "Titled Tuesday Blitz March 07 Late 2023"]
[White "Kovacs, Klara"]
[Black "Di Berardino, Diego Rafael"]
[WhiteFideId "733210"]
[BlackFideId "2105446"]
[WhiteElo "2179"]
[BlackElo "2432"]
[Result "0-1"]
[Round "11"]
[TimeControl "180+2"]
[Date "2023.03.07"]
[WhiteClock "0:00:28"]
[BlackClock "0:00:20"]

1. Nf3 c5 2. g3 Nc6 3. Bg2 d5 4. c4 d4 5. a3 a5 6. d3 e5 7. e3 Bd6 8. exd4 exd4 9. O-O h6 10. Nbd2 Nf6 11. Re1+ Be6 12. Ne4 Nxe4 13. Rxe4 O-O 14. Bd2 Bf5 15. Re1 Bxd3 16. Bxh6 Bxc4 17. Qc2 Ba6 18. Ng5 d3 19. Qd2 gxh6 20. Ne4 Kg7 21. Rac1 c4 22. f4 Be7 23. f5 Bf6 24. Kh1 Qd4 25. Rf1 Qxb2 26. Qf4 Rfe8 27. Qg4+ Kh7 28. Qh5 Re7 29. g4 Rg8 30. g5 Bxg5 31. f6 Qxg2+ 32. Kxg2 Bxc1+ 33. Kf3 Nd4+ 34. Kf2 Rxe4 35. Qxf7+ Kh8 36. Rxc1 Re2+ 37. Kf1 d2 38. Rd1 c3 39. Qh5 Rxh2+ 0-1


[Site "https://www.chess.com"]

[Event "Titled Tuesday Blitz March 07 Late 2023"]
[White "Balague Camps, Marc"]
[Black "Kochetov, Andrey"]
[WhiteFideId "2297914"]
[BlackFideId "24130532"]
[WhiteElo "2089"]
[BlackElo "2497"]
[Result "0-1"]
[Round "11"]
[TimeControl "180+2"]
[Date "2023.03.07"]
[WhiteClock "0:02:08"]
[BlackClock "0:01:45"]

1. d4 Nf6 2. c4 Nc6 3. d5 Ne5 4. e4 e6 5. Qd4 d6 6. h3 g6 7. f4 Ned7 8. e5 dxe5 9. fxe5 Bc5 10. Qc3 Ne4 11. Qc2 Qh4+ 12. Kd1 Nf2+ 13. Ke2 Nxh1 14. Nd2 Bxg1 15. Ne4 Qxe4+ 16. Qxe4 Ng3+ 17. Kf3 Nxe4 18. Kxe4 Nc5+ 19. Kf3 O-O 20. b4 Bd4 21. Rb1 Nd7 0-1


[Site "https://www.chess.com"]

[Event "Titled Tuesday Blitz March 07 Late 2023"]
[White "Kozin, Yuri"]
[Black "Kujawski, Adam"]
[WhiteFideId "4129920"]
[BlackFideId "1100920"]
[WhiteElo "2463"]
[BlackElo "2054"]
[Result "0-1"]
[Round "11"]
[TimeControl "180+2"]
[Date "2023.03.07"]
[WhiteClock "0:00:13"]
[BlackClock "0:00:12"]

1. e4 e5 2. Nf3 Nc6 3. Bb5 a6 4. Ba4 Nf6 5. O-O Be7 6. Re1 b5 7. Bb3 O-O 8. a4 b4 9. d3 a5 10. Bg5 d6 11. h3 Be6 12. Nbd2 Bxb3 13. Nxb3 Nd7 14. Be3 Nc5 15. Bxc5 dxc5 16. Nbd2 Nd4 17. Nc4 f6 18. Nfd2 Qd7 19. Rf1 Bd6 20. c3 Nc6 21. Ne3 Rfd8 22. Qe2 Bf8 23. Nd5 Ne7 24. c4 Nc6 25. Nb3 Bd6 26. f4 exf4 27. Nxf4 Bxf4 28. Rxf4 Nd4 29. Nxd4 Qxd4+ 30. Kh1 Qxd3 31. Qg4 Kh8 32. Raf1 Qd4 33. Qe6 Qxb2 34. Qc6 Qe5 35. Rf5 Qd6 36. Rxc5 Qxc6 37. Rxc6 Rd7 38. e5 fxe5 39. Ra6 Rad8 40. Rxa5 Rd1 41. Rxd1 Rxd1+ 42. Kh2 h5 43. Rxe5 Rc1 44. Rxh5+ Kg8 45. Rc5 b3 46. Rb5 Rxc4 47. a5 Ra4 48. Rxb3 Rxa5 49. Rc3 c5 50. Kg3 Kf7 51. Kf4 Ke6 52. Ke4 Ra4+ 53. Kd3 Kd5 54. Rc2 Ra3+ 55. Ke2 c4 56. Rd2+ Ke4 57. h4 Re3+ 58. Kf2 Rd3 59. Rc2 c3 60. g4 Kf4 61. g5 Rd2+ 62. Rxd2 cxd2 63. Ke2 Kg4 64. Kxd2 Kxh4 65. g6 Kg5 66. Ke2 Kxg6 67. Kf2 Kg5 68. Kg3 g6 69. Kg2 Kg4 70. Kg1 Kg3 71. Kf1 g5 72. Kg1 g4 73. Kh1 Kf2 74. Kh2 g3+ 75. Kh1 g2+ 0-1


[Site "https://www.chess.com"]

[Event "Titled Tuesday Blitz March 07 Late 2023"]
[White "Przybylski, Wojciech"]
[Black "Zampronha, Wladimir Camilo"]
[WhiteFideId "1117599"]
[BlackFideId "2103087"]
[WhiteElo "2222"]
[BlackElo "2176"]
[Result "1-0"]
[Round "11"]
[TimeControl "180+2"]
[Date "2023.03.07"]
[WhiteClock "0:00:31"]
[BlackClock "0:00:04"]

1. e4 c5 2. Nf3 e6 3. d4 cxd4 4. Nxd4 Nc6 5. Nc3 Qc7 6. Ndb5 Qb8 7. Be3 a6 8. Nd4 Qc7 9. g4 b5 10. Nxc6 dxc6 11. Bg2 Bb7 12. O-O c5 13. f4 b4 14. Ne2 Nf6 15. Ng3 Rd8 16. Qe2 h5 17. g5 Ng4 18. g6 Nxe3 19. Qxe3 c4 20. gxf7+ Kxf7 21. Kh1 h4 22. Ne2 Bc5 23. Qh3 Rd2 24. Rae1 Rxc2 25. f5 e5 26. f6 g6 27. Ng1 Bc8 28. Qf3 Rxb2 29. Nh3 Bxh3 30. Bxh3 Rd8 31. Rd1 Rbd2 32. Rxd2 Rxd2 33. Qg4 Qd6 34. Qxh4 Rd1 35. Qh7+ Kf8 36. Qg7+ Ke8 37. f7+ Kd8 38. f8=R+ Qxf8 39. Qxf8+ Bxf8 40. Rxd1+ Kc7 41. Bf1 c3 42. Bxa6 Bh6 43. Bd3 Kb6 44. Bc2 Bd2 45. Kg2 Kc5 46. Kf3 Kd4 47. h4 1-0


[Site "https://www.chess.com"]

[Event "Titled Tuesday Blitz March 07 Late 2023"]
[White "Mazurkiewicz, Michal"]
[Black "Sarkar, Justin"]
[WhiteFideId "1124943"]
[BlackFideId "2010011"]
[WhiteElo "2054"]
[BlackElo "2189"]
[Result "1-0"]
[Round "11"]
[TimeControl "180+2"]
[Date "2023.03.07"]
[WhiteClock "0:01:51"]
[BlackClock "0:00:01"]

1. e4 e5 2. Nf3 Nc6 3. d3 Nf6 4. g3 Bc5 5. Bg2 O-O 6. O-O Re8 7. c3 d5 8. b4 Bf8 9. Qc2 a5 10. b5 Na7 11. a4 dxe4 12. dxe4 Bg4 13. Rd1 Qc8 14. Nbd2 Qe6 15. Nf1 Nc8 16. Ne3 Bxf3 17. Bxf3 Nb6 18. c4 Bc5 19. Nd5 Nbxd5 20. cxd5 Qd6 21. Be3 Bxe3 22. fxe3 Nd7 23. Rac1 Rac8 24. Bg4 Re7 25. Qc3 Qb6 26. Kf2 g6 27. Bxd7 Rxd7 28. Qxe5 Rd6 29. Qd4 Rf6+ 30. Ke2 Qxd4 31. exd4 Kf8 32. e5 Rb6 33. d6 c6 34. bxc6 bxc6 35. Rb1 Rcb8 36. Rxb6 Rxb6 37. Rc1 Ke8 38. Rc5 Rb4 39. Rxa5 Rxd4 40. Ke3 1-0


[Site "https://www.chess.com"]

[Event "Titled Tuesday Blitz March 07 Late 2023"]
[White "Paspuel, Trosky"]
[Black "Pein, Jonathan"]
[WhiteFideId "3602150"]
[BlackFideId "417092"]
[WhiteElo "2329"]
[BlackElo "2151"]
[Result "1-0"]
[Round "11"]
[TimeControl "180+2"]
[Date "2023.03.07"]
[WhiteClock "0:00:02"]
[BlackClock "0:00:08"]

1. c4 f5 2. g3 Nf6 3. Bg2 g6 4. Nc3 Bg7 5. d4 O-O 6. Nh3 e6 7. O-O a5 8. c5 Nc6 9. d5 exd5 10. Nxd5 Nxd5 11. Qxd5+ Kh8 12. Ng5 Qf6 13. Bf4 h6 14. Nf3 Qxb2 15. Rab1 Nb4 16. Qc4 Qxa2 17. Qc1 Qxe2 18. Bxh6 Qe7 19. Re1 Bxh6 20. Qxh6+ Qh7 21. Qf4 Qg7 22. Qxc7 Nc6 23. Ng5 a4 24. Bd5 a3 25. Qf4 Qd4 26. Re4 Qxd5 27. Qh4+ Kg7 28. Qh7+ Kf6 29. Rf4 a2 30. Re1 a1=Q 31. Ne4+ Ke5 32. Qg7+ Rf6 33. Qxf6# 1-0


[Site "https://www.chess.com"]

[Event "Titled Tuesday Blitz March 07 Late 2023"]
[White "Delgado Rosas, Fatima Alexandra"]
[Black "Beukes, Dante M"]
[WhiteFideId "6603963"]
[BlackFideId "15200540"]
[WhiteElo "2316"]
[BlackElo "2199"]
[Result "1-0"]
[Round "11"]
[TimeControl "180+2"]
[Date "2023.03.07"]
[WhiteClock "0:01:57"]
[BlackClock "0:00:07"]

1. d4 Nf6 2. c4 g6 3. Nc3 Bg7 4. e4 d6 5. Be2 O-O 6. Nf3 e5 7. h3 exd4 8. Nxd4 Re8 9. Bf3 Nxe4 10. Bxe4 f5 11. O-O fxe4 12. Re1 Qh4 13. Nf3 Qh5 14. Rxe4 Rf8 15. Qd5+ Qxd5 16. Nxd5 Na6 17. Bg5 Bf5 18. Re2 Bd3 19. Re7 h6 20. Be3 Rf7 21. b3 Bxa1 22. Re6 c6 23. Nf4 Bf5 24. Rxd6 g5 25. Nh5 Kh7 26. h4 Bg6 27. hxg5 Rxf3 28. gxf3 Be5 29. Rd7+ Kg8 30. Nf6+ Bxf6 31. gxf6 Rf8 32. Rg7+ Kh8 33. Rxg6 Nc7 34. Bxh6 Rf7 35. Bg7+ Kg8 36. Rh6 Rd7 37. Rh8+ Kf7 38. Rf8+ Kg6 39. Rb8 Ne6 40. Ra8 Nxg7 41. fxg7 Kxg7 42. Rxa7 Kf6 43. a4 Ke5 44. a5 Rg7+ 45. Kf1 Rh7 46. Kg2 Rg7+ 47. Kf1 Rd7 48. Ke2 Kd4 49. a6 Re7+ 50. Kd2 Kc5 51. Rxb7 Re8 52. a7 Ra8 53. f4 Rf8 54. f5 Rxf5 55. a8=Q Rxf2+ 56. Ke3 Rf8 57. Qa5+ Kd6 58. c5+ Kd5 59. Rd7+ Ke6 60. Qc7 Re8 61. Qd6+ Kf5+ 62. Kd4 Re6 63. Rf7+ Kg5 64. Qxe6 1-0


[Site "https://www.chess.com"]

[Event "Titled Tuesday Blitz March 07 Late 2023"]
[White "Prieto Aranguren, Alain"]
[Black "Figorito, Nick"]
[WhiteFideId "2268906"]
[BlackFideId "30923689"]
[WhiteElo "2209"]
[BlackElo "2387"]
[Result "0-1"]
[Round "11"]
[TimeControl "180+2"]
[Date "2023.03.07"]
[WhiteClock "0:00:01"]
[BlackClock "0:00:08"]

1. e4 e6 2. d4 d5 3. exd5 exd5 4. Bd3 Bd6 5. Nf3 Ne7 6. O-O O-O 7. c3 Bf5 8. Re1 c6 9. b3 Bxd3 10. Qxd3 Ng6 11. c4 dxc4 12. bxc4 Nd7 13. Nc3 Nf6 14. Bg5 h6 15. Bxf6 Qxf6 16. Ne4 Qd8 17. Nxd6 Qxd6 18. Rad1 Rad8 19. g3 Qf6 20. Kg2 Rd7 21. Qa3 a6 22. Re3 Rfd8 23. Rde1 Kh7 24. Qd3 b5 25. h4 bxc4 26. Qc2 Kg8 27. Re8+ Nf8 28. Qxc4 a5 29. Qc5 Qd6 30. Qxa5 Kh7 31. Rxd8 Rxd8 32. Qa7 Rd7 33. Qb6 Ne6 34. a4 Nxd4 35. Nxd4 Qxd4 36. Qxc6 Rd6 37. Qc2+ g6 38. Qa2 Rf6 39. a5 h5 40. Re7 Kg7 41. a6 Qd8 42. Rb7 Qa8 43. Qd5 Qxa6 44. Rd7 Qe2 45. Qd4 Qe6 46. Ra7 Qf5 47. Ra4 Qf3+ 48. Kg1 Kh7 49. Ra1 Re6 0-1


[Site "https://www.chess.com"]

[Event "Titled Tuesday Blitz March 07 Late 2023"]
[White "Kielinkei"]
[Black "De Souza, Cristiano Gomes"]
[BlackFideId "2151758"]
[WhiteElo "2385"]
[BlackElo "2068"]
[Result "1/2-1/2"]
[Round "11"]
[TimeControl "180+2"]
[Date "2023.03.07"]
[WhiteClock "0:00:04"]
[BlackClock "0:00:05"]

1. e4 c5 2. Nc3 d6 3. f4 a6 4. Nf3 Bg4 5. h3 Bxf3 6. Qxf3 Nc6 7. d3 Nd4 8. Qd1 g6 9. Be2 Bg7 10. O-O Nf6 11. Be3 O-O 12. Bf3 Rb8 13. Ne2 Nxf3+ 14. Rxf3 Ne8 15. d4 cxd4 16. Bxd4 Qc7 17. Bxg7 Nxg7 18. Kh1 Rbc8 19. c3 Qd7 20. Nd4 Ne6 21. Nxe6 Qxe6 22. Qd3 Rc4 23. Re1 Rfc8 24. a3 b5 25. e5 d5 26. f5 gxf5 27. Rxf5 d4 28. cxd4 Rd8 29. Rf4 Kh8 30. Ref1 Qg6 31. Qxg6 fxg6 32. Rf8+ Rxf8 33. Rxf8+ Kg7 34. Ra8 Rxd4 35. Rxa6 Re4 36. e6 Kf6 37. Rb6 Rxe6 38. Rxb5 Re1+ 39. Kh2 e5 40. Kg3 e4 41. Kf2 Rc1 42. Ke3 Rc2 43. Kxe4 Rxg2 44. a4 Rg3 45. a5 Rxh3 46. b4 Ra3 47. Rb6+ Kg5 48. a6 h5 49. b5 h4 50. Rb8 h3 51. Rh8 Kg4 52. b6 Rxa6 53. b7 Rb6 54. b8=Q Rxb8 55. Rxb8 g5 56. Ke3 Kg3 57. Rh8 g4 58. Rg8 h2 59. Rh8 Kg2 60. Kf4 g3 61. Kg4 h1=Q 62. Rxh1 Kxh1 63. Kxg3 1/2-1/2


[Site "https://www.chess.com"]

[Event "Titled Tuesday Blitz March 07 Late 2023"]
[White "Rego, Pedro Filipe"]
[Black "Hajiyev, Kanan"]
[WhiteFideId "1904310"]
[BlackFideId "13404148"]
[WhiteElo "2193"]
[BlackElo "2103"]
[Result "1-0"]
[Round "11"]
[TimeControl "180+2"]
[Date "2023.03.07"]
[WhiteClock "0:00:42"]
[BlackClock "0:00:02"]

1. e4 c6 2. d4 d5 3. e5 a6 4. c4 Bf5 5. Nc3 e6 6. h4 h5 7. Nf3 Bb4 8. Be2 dxc4 9. Bxc4 Ne7 10. Bg5 Nd7 11. O-O Nb6 12. Bd3 Bxd3 13. Qxd3 Bxc3 14. bxc3 O-O 15. Bd2 Nf5 16. c4 Nxh4 17. Ng5 g6 18. Ne4 Nd7 19. Bg5 Nxe5 20. Qg3 Qxd4 21. Qxh4 Qxc4 22. Bf6 Ng4 23. Rfe1 Rfe8 24. f3 b5 25. fxg4 Qd5 26. Rad1 Qxa2 27. Qg5 1-0


[Site "https://www.chess.com"]